 Dungeon Crawl Stone Soup version 0.18-a0-1611-g00361b8 (webtiles) character file.

275764 MenacingMecha the Slayer (level 20, -1/245 HPs)
             Began as an Ogre Berserker on Mar 20, 2016.
             Was the Champion of Trog.
             Shot with a bolt by a yaktaur (26 damage)
             ... led by a vault warden
             ... on level 2 of the Vaults on Mar 23, 2016.
             The game lasted 10:46:10 (45740 turns).

MenacingMecha the Slayer (Ogre Berserker)          Turns: 45740, Time: 10:46:11

Health: -1/245     AC: 23    Str: 27    XL:     20   Next: 35%
Magic:  27/27      EV: 11    Int:  6    God:    Trog [******]
Gold:   4585       SH:  0    Dex: 15    Spells: 0 memorised, 19 levels left

rFire  x . .     SeeInvis .     F - +6 giant spiked club of Superiority {crush, rElec rPois}
rCold  + + .     Gourm    .     c - +1 ice dragon armour
rNeg   . . .     Faith    .     (shield currently unavailable)
rPois  +         Spirit   .     M - +2 hat of Evveant {MR++}
rElec  +         Dismiss  .     x - +0 cloak
rCorr  .         Reflect  .     (gloves unavailable)
SustAt .         Harm     .     (boots unavailable)
MR     ++++.                    f - amulet of regeneration
Stlth  ..........               N - +4 ring of protection
                                (no ring)

@: lethally poisoned (-1 -> -2), incredibly resistant to hostile enchantments,
extremely unstealthy
A: unfitting armour, electricity resistance, tough skin 1
a: Berserk, Trog's Hand, Brothers in Arms, Burn Spellbooks, Renounce Religion
}: 2/15 runes: decaying, gossamer


You were on level 2 of the Vaults.
You worshipped Trog.
Trog was exalted by your worship.
You were hungry.

You visited 6 branches of the dungeon, and saw 35 of its levels.
You also visited: Ice Cave.

You collected 4655 gold pieces.
You spent 70 gold pieces at shops.

Inventory:

Hand Weapons
 F - the +6 giant spiked club of Superiority (weapon) {crush, rElec rPois}
   (Trog gifted it to you on level 13 of the Dungeon)

   It inflicts extra damage upon your enemies.
   It insulates you from electricity.
   It protects you from poison.
Missiles
 m - 6 tomahawks of dispersal
 u - 5 javelins of penetration
 H - 14 large rocks (quivered)
 I - 2 throwing nets
 J - 3 steel javelins
 T - 18 poisoned javelins
Armour
 c - a +1 ice dragon armour (worn)
 x - a +0 cloak (worn)
 M - the +2 hat of Evveant (worn) {MR++}
   (You found it on level 8 of the Lair of Beasts)

   It affects your resistance to hostile enchantments.
 Q - a +0 robe of fire resistance
Jewellery
 f - an amulet of regeneration (around neck)
 h - an uncursed ring of fire
 t - an uncursed ring of see invisible
 N - a +4 ring of protection (right hand)
 U - an uncursed ring of resist corrosion
Wands
 d - a wand of slowing (15/48)
 o - a wand of digging (18/24)
 y - a wand of teleportation (6/9)
 A - a wand of acid (3/15)
 B - a wand of lightning (6/15)
 C - a wand of iceblast (10/15)
 L - a wand of hasting (5/9)
Scrolls
 k - 14 scrolls of remove curse
 p - a scroll of brand weapon
 q - 6 scrolls of fog
 r - 7 scrolls of magic mapping
 s - 16 scrolls of identify
 w - 4 scrolls of recharging
 z - 8 scrolls of teleportation
 S - 4 scrolls of silence
 V - a scroll of fear
 X - a scroll of blinking
Potions
 e - 23 potions of curing
 g - 13 potions of agility
 i - 4 potions of cancellation
 j - 4 potions of ambrosia
 l - 3 potions of flight
 n - 5 potions of heal wounds
 v - 5 potions of lignification
 D - 3 potions of invisibility
 E - 2 potions of haste
 W - a potion of resistance
 Y - 5 potions of might
Miscellaneous
 a - a phantom mirror
Comestibles
 b - 12 bread rations
 G - 6 chunks of flesh
 K - a beef jerky


   Skills:
 + Level 24.5 Fighting
 - Level 24.0 Maces & Flails
 - Level 10.0 Throwing
 + Level 12.5 Armour
 - Level 6.0 Dodging
 + Level 9.6 Evocations


You had 19 spell levels left.
You didn't know any spells.

Dungeon Overview and Level Annotations

Branches:
Dungeon (15/15)            Temple (0/1) D:5            Lair (8/8) D:11
  Swamp (4/4) Lair:4       Spider (4/4) Lair:6        Slime (0/6) Lair:8
    Orc (2/2) D:9             Elf (0/3) Orc:2        Vaults (2/5) D:13
 Depths (0/5) D:15
  Crypt: Vaults:2-3

Altars:
Ashenzari
Dithmenos
Fedhas
Kikubaaqudgha
Makhleb
Nemelex Xobeh
Okawaru
Qazlal
Ru
Sif Muna
Trog
Vehumet
Xom
Yredelemnul
The Shining One

Shops:
D:4 ?}   D:10 [   Orc:1 (   Orc:2 %((   Vaults:2 *

Portals:
Hell: Lair:8

Annotations:
D:7 angel(behind trans stone wall)
Lair:2 stash1


Innate Abilities, Weirdness & Mutations

You are too large for most types of armour.
You have tough skin (AC +1).
You are resistant to electric shocks.


Message History

* * * LOW HITPOINT WARNING * * *
Throwing (i - inventory. (,) - cycle):
H - 15 large rocks (quivered)
Press: ? - help, Shift-Dir - straight line, f - yaktaur
Aim: a yaktaur, wielding an arbalest (severely wounded)
You throw a large rock. The large rock hits the yaktaur!!
You kill the yaktaur!
Trog accepts your kill.
The yaktaur wields an arbalest.
The yaktaur shoots a steel bolt.
The steel bolt hits you!
* * * LOW HITPOINT WARNING * * *
The yaktaur wields an arbalest.
The yaktaur shoots a bolt.
The bolt hits you!!
* * * LOW HITPOINT WARNING * * *
The yaktaur wields an arbalest.
The yaktaur shoots a bolt.
The bolt hits you!
* * * LOW HITPOINT WARNING * * *
You feel sick.
Items here: ((( ))) [[ † Unknown command.
You see here a bolt.
The yaktaur shoots a bolt.
The bolt hits you!!
You die...

###..###(#.......#...#
#..# #.#########...#
####'###.............#
.....................#
.....................#
.....................#
################+#####
#......# #...@..#
##### #...(..# #.....
#....D.# #......
#....((##(c.....
#(....)ccce.....
#####+###....(..
#c..... #..... ##+##


You could see a yaktaur and a mottled dragon.

Vanquished Creatures
  Mara (Spider:4)
  Saint Roka (Vaults:1)
  Rupert (Lair:5)
  Agnes (Spider:4)
  3 thorn hunters
  Kirke (Lair:5)
  Donald (Vaults:1)
  9 emperor scorpions
  Maud (Lair:8)
  Louise (Swamp:3)
  7 ghost moths
  5 vault wardens
  Aizul (Swamp:3)
  4 ironheart preservers
  2 stone giants
  The ghost of Shelf the Severer, a journeyman FoFi of Cheibriados (D:14)
  The ghost of Somebody the Fencer, a journeyman DsAK of Lugonu (D:14)
  A dire elephant (Lair:8)
  3 spark wasps
  A deep elf death mage (Vaults:1)
  2 yaktaur captains
  4 vault guards
  Erolcha (D:11)
  2 ice dragons (IceCv)
  Fannar (D:11)
  24 hydras
  A great orb of eyes (D:13)
  A ghost crab (Swamp:1)
  3 ogre magi
  A queen ant (D:11)
  5 centaur warriors
  2 alligators (Swamp:3)
  4 death yaks (Lair:7)
  3 orc high priests (Orc:2)
  A tengu warrior (D:15)
  Sonja (D:13)
  5 deep elf knights
  A fire crab (Vaults:1)
  5 deep trolls (D:13)
  4 skeletal warriors (D:13)
  7 unseen horrors
  2 giant orange brains (Vaults:1)
  15 swamp dragons
  3 deep elf archers (Vaults:1)
  5 shambling mangroves
  4 ironbrand convokers
  5 necromancers
  3 wizards
  8 hill giants
  10 orc knights
  9 orc sorcerers
  18 orb spiders
  10 deep elf magi
  21 ugly things
  30 wolf spiders
  2 griffons
  An oklob plant (Lair:6)
  2 hornets
  A manticore (D:11)
  2 cyclopes
  A moth of wrath (shapeshifter) (Vaults:1)
  4 moths of wrath
  8 black mambas
  3 torpor snails
  22 elephants
  2 ice statues (IceCv)
  5 vault sentinels
  3 gargoyles
  3 rime drakes
  5 orange demons (Lair:8)
  A kobold demonologist (D:15)
  A yaktaur (shapeshifter) (Vaults:2)
  2 freezing wraiths (Vaults:1)
  14 yaktaurs
  19 spiny frogs
  8 demonic crawlers
  15 komodo dragons
  A red devil (Lair:8)
  A tengu conjurer (D:10)
  7 trolls
  22 jumping spiders
  6 giant leeches
  33 slime creatures
  23 blink frogs
  2 polar bears
  10 two-headed ogres
  9 bog bodies
  6 spriggans
  61 redbacks
  2 vampires
  27 tarantellas
  4 basilisks
  A basilisk (shapeshifter) (Vaults:1)
  5 shadows
  61 yaks
  A steam dragon (Lair:4)
  17 humans (D:13)
  2 hogs (Lair:4)
  A hungry ghost (D:15)
  Edmund (D:6)
  10 hippogriffs
  22 vampire mosquitoes
  A mottled dragon (Vaults:1)
  A hippogriff (shapeshifter) (Vaults:2)
  5 wargs
  20 soldier ants (D:11)
  21 swamp worms
  6 insubstantial wisps (Swamp:2)
  15 water moccasins
  12 swamp drakes
  11 porcupines
  18 ice beasts
  3 black bears
  28 orc warriors
  8 sky beasts
  12 wasps
  2 necrophages (D:10)
  22 ogres
  6 phantoms
  7 wolves (Lair:5)
  3 eyes of draining
  22 centaurs
  14 crocodiles
  5 big kobolds
  35 giant frogs
  9 scorpions
  A water moccasin skeleton (D:9)
  6 killer bees
  A human simulacrum (Vaults:1)
  A wight (D:12)
  An electric eel (Spider:4)
  8 crimson imps
  A wasp zombie (D:9)
  6 centaur zombies
  2 quasits (D:8)
  20 orc priests
  A giant frog skeleton (D:12)
  6 hounds
  4 jellies
  16 iguanas
  13 centaur skeletons
  Ijyb (D:3)
  22 orc wizards
  28 worker ants
  11 sheep
  A killer bee zombie (D:7)
  A hound zombie (D:6)
  2 hound skeletons
  A worker ant zombie (D:11)
  15 adders
  12 gnolls
  39 river rats
  2 shadow imps
  An ooze (D:4)
  2 adder zombies (D:8)
  An adder skeleton (D:6)
  5 worms
  A dart slug (D:5)
  3 giant geckos
  86 orcs
  6 bats
  8 giant cockroaches
  5 hobgoblins (D:3)
  9 jackals
  5 quokkas
  A ball python (D:3)
  A giant cockroach zombie (D:5)
  5 giant newts
  6 goblins
  69 kobolds
  A quokka skeleton (D:4)
  A rat (D:1)
  8 briar patches
1458 creatures vanquished.

Vanquished Creatures (collateral kills)
  3 hydras
  A hell beast (Lair:8)
  2 death yaks (Lair:7)
  An orb spider (Spider:4)
  An orc knight (Orc:2)
  3 ugly things (Swamp:3)
  A hellwing (Lair:8)
  An ice devil (Lair:8)
  3 red devils (Lair:8)
  4 redbacks (Spider:4)
  A tarantella (Spider:4)
  7 yaks
  A warg (Orc:2)
  A water moccasin (Lair:1)
  4 orc warriors (Orc:2)
  3 ice beasts (IceCv)
  2 crocodiles (Lair:1)
  2 orc priests (Orc:2)
  An orc wizard (Orc:2)
  3 orcs (Orc:2)
  4 briar patches (Swamp:3)
49 creatures vanquished.

Vanquished Creatures (others)
  2 humans (Lair:5)
  A wasp (Swamp:4)
  An orc wizard (Orc:2)
  5 sheep (Lair:5)
  6 river rats (Lair:5)
  A briar patch (Swamp:3)
  13 fungi
  6 plants
35 creatures vanquished.

Grand Total: 1542 creatures vanquished

Notes
Turn   | Place    | Note
--------------------------------------------------------------
     0 | D:1      | MenacingMecha the Ogre Berserker began the quest for the Orb.
     0 | D:1      | Reached XP level 1. HP: 24/24 MP: 1/1
   524 | D:1      | Reached XP level 2. HP: 32/32 MP: 2/2
   695 | D:2      | Reached skill level 5 in Maces & Flails
   860 | D:2      | Found a radiant altar of Vehumet.
   889 | D:2      | Reached XP level 3. HP: 39/39 MP: 3/3
  1150 | D:2      | Found an ancient bone altar of Kikubaaqudgha.
  1153 | D:2      | Found a stormy altar of Qazlal.
  1156 | D:2      | Found a bloodstained altar of Trog.
  1483 | D:2      | Found a shattered altar of Ashenzari.
  1487 | D:2      | Saw a vision of the Swamp and the Spider Nest.
  1487 | D:2      | Noticed a redback
  1487 | D:2      | Noticed a redback
  1487 | D:2      | Noticed a redback
  1487 | D:2      | Noticed a redback
  1487 | D:2      | Noticed a water moccasin
  1487 | D:2      | Noticed an alligator
  1487 | D:2      | Noticed a wasp
  1487 | D:2      | Noticed an alligator
  1487 | D:2      | Noticed a wasp
  1487 | D:2      | Noticed an alligator
  1488 | D:2      | Noticed a wolf spider
  1488 | D:2      | Noticed a redback
  1489 | D:2      | Noticed a redback
  1489 | D:2      | Noticed a water moccasin
  1703 | D:3      | Reached ** piety under Trog
  1718 | D:3      | Reached XP level 4. HP: 4/48 MP: 4/4
  2047 | D:3      | Noticed Ijyb
  2073 | D:3      | Killed Ijyb
  2253 | D:3      | Reached XP level 5. HP: 54/54 MP: 5/5
  2693 | D:3      | Reached *** piety under Trog
  2917 | D:3      | Noticed a big kobold
  2924 | D:3      | Killed a big kobold
  2931 | D:3      | Reached XP level 6. HP: 62/62 MP: 6/6
  3294 | D:3      | Found a sacrificial altar of Ru.
  3353 | D:3      | Noticed an ice beast
  3377 | D:3      | Killed an ice beast
  4104 | D:4      | Found a blossoming altar of Fedhas.
  4128 | D:4      | Reached skill level 10 in Maces & Flails
  4128 | D:4      | Reached XP level 7. HP: 23/70 MP: 7/7
  4442 | D:4      | Reached **** piety under Trog
  5057 | D:4      | Found Lafe Xixt's Magic Scroll Emporium.
  5060 | D:4      | Bought a scroll of identify for 28 gold pieces
  5060 | D:4      | Bought a scroll of teleportation for 42 gold pieces
  5202 | D:4      | Found Ginnausk's Gadget Shoppe.
  5288 | D:5      | Entered Level 5 of the Dungeon
  5509 | D:5      | Reached XP level 8. HP: 59/78 MP: 8/8
  5931 | D:5      | Found a staircase to the Ecumenical Temple.
  6503 | D:5      | Reached skill level 1 in Throwing
  7125 | D:6      | Noticed Edmund
  7145 | D:6      | Killed Edmund
  7145 | D:6      | Reached skill level 5 in Fighting
  7587 | D:6      | Reached XP level 9. HP: 89/89 MP: 9/9
  8192 | D:6      | Found an iron altar of Okawaru.
  8681 | D:7      | Found a glowing golden altar of the Shining One.
  8690 | D:7      | Found a basalt altar of Yredelemnul.
  8768 | D:7      | Found a sparkling altar of Nemelex Xobeh.
  9713 | D:7      | Noticed an angel
  9874 | D:7      | Reached ***** piety under Trog
  9884 | D:7      | Reached skill level 5 in Throwing
 10808 | D:8      | Reached XP level 10. HP: 104/106 MP: 8/10
 11158 | D:8      | Noticed a hill giant
 11164 | D:8      | Killed a hill giant
 11364 | D:8      | Found a deep blue altar of Sif Muna.
 11654 | D:9      | Found a staircase to the Orcish Mines.
 12471 | D:9      | Received a gift from Trog
 12477 | D:9      | Reached skill level 10 in Fighting
 12558 | D:9      | Reached skill level 15 in Maces & Flails
 12558 | D:9      | Reached skill level 5 in Dodging
 12752 | D:10     | Entered Level 10 of the Dungeon
 13082 | D:10     | Found Ybucw's Armour Shoppe.
 13178 | D:10     | Received a gift from Trog
 13275 | D:10     | Noticed a gargoyle
 13282 | D:10     | Killed a gargoyle
 13355 | D:10     | Reached XP level 11. HP: 113/120 MP: 11/11
 13438 | D:10     | Found a shadowy altar of Dithmenos.
 14327 | D:11     | Noticed Fannar
 14437 | D:11     | Killed Fannar
 14507 | D:11     | Noticed Erolcha
 14512 | D:11     | Killed Erolcha
 14548 | D:11     | Found a frozen archway.
 14588 | IceCv    | Entered an ice cave
 14743 | IceCv    | Upgraded the game from 0.18-a0-1593-g7a89b71 to 0.18-a0-1604-gf68bb23
 15262 | IceCv    | Noticed an ice dragon
 15276 | IceCv    | Killed an ice dragon
 15277 | IceCv    | Noticed an ice dragon
 15283 | IceCv    | Killed an ice dragon
 15283 | IceCv    | Reached XP level 12. HP: 99/137 MP: 7/12
 15669 | D:11     | Found a staircase to the Lair.
 16139 | D:11     | Noticed a queen ant
 16142 | D:11     | Killed a queen ant
 16142 | D:11     | Received a gift from Trog
 16142 | D:11     | Reached skill level 1 in Armour
 16525 | D:11     | Reached skill level 15 in Fighting
 16983 | Lair:1   | Entered Level 1 of the Lair of Beasts
 17332 | Lair:1   | Noticed a five-headed hydra
 17340 | Lair:1   | Killed a five-headed hydra
 17343 | Lair:1   | Reached XP level 13. HP: 105/152 MP: 11/13
 17883 | Lair:1   | Received a gift from Trog
 18975 | Lair:2   | Gained mutation: You are resistant to electric shocks. [potion of beneficial mutation]
 19222 | Lair:3   | Reached skill level 5 in Armour
 19334 | Lair:3   | Reached ****** piety under Trog
 19838 | Lair:4   | Found a staircase to the Swamp.
 19934 | Lair:4   | Received a gift from Trog
 19937 | Lair:4   | Reached skill level 1 in Evocations
 21251 | D:12     | Reached XP level 14. HP: 137/166 MP: 16/16
 21463 | Orc:1    | Entered Level 1 of the Orcish Mines
 21463 | Orc:1    | Found Leskaunn's Weapon Shoppe.
 21463 | Orc:1    | Found a bloodstained altar of Trog.
 21814 | Orc:1    | Paralysed by an orc sorcerer for 5 turns
 22055 | Orc:2    | Entered Level 2 of the Orcish Mines
 22056 | Orc:2    | Paralysed by an orc sorcerer for 6 turns
 22455 | Orc:2    | Received a gift from Trog
 22641 | Orc:2    | Found a staircase to the Elven Halls.
 23228 | Orc:2    | Received a gift from Trog
 23475 | Orc:2    | Noticed a stone giant
 23494 | Orc:2    | Killed a stone giant
 23861 | Orc:2    | Received a gift from Trog
 23897 | Orc:2    | Paralysed by an orc sorcerer for 2 turns
 24189 | Orc:2    | Found Xoigg's Food Shop.
 24189 | Orc:2    | Found Eraffoj's Antique Weapon Shoppe.
 24191 | Orc:2    | Found Zitiel's Distillery.
 24191 | Orc:2    | Found Kuhysuar's Weapon Shoppe.
 24435 | Orc:1    | Reached skill level 5 in Evocations
 24840 | Lair:5   | Noticed Kirke
 25167 | Lair:5   | Killed Kirke
 25247 | Lair:5   | Noticed Rupert
 25260 | Lair:5   | Killed Rupert
 25693 | Lair:5   | Received a gift from Trog
 26121 | Lair:6   | Reached XP level 15. HP: 175/178 MP: 18/18
 26371 | Lair:6   | Received a gift from Trog
 26459 | Lair:6   | Found a hole to the Spider Nest.
 27183 | Lair:7   | Received a gift from Trog
 27245 | Lair:7   | Received a gift from Trog
 27755 | Lair:7   | Upgraded the game from 0.18-a0-1604-gf68bb23 to 0.18-a0-1611-g00361b8
 27780 | Lair:8   | Entered Level 8 of the Lair of Beasts
 28115 | Lair:8   | Received a gift from Trog
 28302 | Lair:8   | Found a burning altar of Makhleb.
 28467 | Lair:8   | Found a gateway to Hell.
 28476 | Lair:8   | Got a transparent hat
 28482 | Lair:8   | Identified the +2 hat of Evveant {MR++} (You found it on level 8 of the Lair of Beasts)
 28715 | Lair:8   | Found a staircase to the Slime Pits.
 28729 | Lair:8   | Noticed Maud
 28738 | Lair:8   | Killed Maud
 29091 | Lair:8   | Received a gift from Trog
 29583 | Lair:8   | Reached XP level 16. HP: 187/192 MP: 19/19
 30045 | D:13     | Found a labyrinth entrance.
 30238 | D:13     | Found a gate to the Vaults.
 30262 | D:13     | Received a gift from Trog
 30271 | D:13     | Got a dazzling giant spiked club {god gift}
 30274 | D:13     | Identified the +6 giant spiked club of Superiority {crush, rElec rPois} (Trog gifted it to you on level 13 of the Dungeon)
 30783 | D:13     | Noticed Sonja
 30794 | D:13     | Killed Sonja
 31483 | D:14     | Noticed Somebody's ghost (journeyman DsAK)
 31488 | D:14     | Killed Somebody's ghost
 31757 | D:14     | Noticed Shelf's ghost (journeyman FoFi)
 31765 | D:14     | Killed Shelf's ghost
 32079 | D:15     | Entered Level 15 of the Dungeon
 32251 | D:15     | Found a staircase to the Depths.
 32731 | D:15     | Received a gift from Trog
 33124 | Swamp:1  | Entered Level 1 of the Swamp
 33153 | Swamp:1  | Noticed a thorn hunter
 33167 | Swamp:1  | Killed a thorn hunter
 33373 | Swamp:1  | Reached XP level 17. HP: 178/204 MP: 20/20
 33382 | Swamp:1  | Received a gift from Trog
 34864 | Swamp:2  | Reached skill level 10 in Armour
 35070 | Swamp:3  | Received a gift from Trog
 35315 | Swamp:3  | Noticed Aizul
 35326 | Swamp:3  | Killed Aizul
 35684 | Swamp:3  | Noticed Louise
 35701 | Swamp:3  | Killed Louise
 36133 | Spider:1 | Entered Level 1 of the Spider Nest
 36648 | Spider:1 | Received a gift from Trog
 37259 | Spider:2 | Received a gift from Trog
 37614 | Spider:2 | Reached XP level 18. HP: 209/218 MP: 21/21
 38432 | Spider:3 | Identified a scroll of acquirement
 38917 | Spider:1 | Received a gift from Trog
 39198 | Swamp:4  | Entered Level 4 of the Swamp
 39270 | Swamp:4  | Reached skill level 10 in Throwing
 39385 | Swamp:4  | Received a gift from Trog
 39651 | Swamp:4  | Got a decaying rune of Zot
 39730 | Swamp:4  | Received a gift from Trog
 40410 | Spider:4 | Entered Level 4 of the Spider Nest
 40424 | Spider:4 | Noticed Mara
 40432 | Spider:4 | Noticed MenacingMecha's illusion
 40527 | Spider:4 | Killed Mara
 41095 | Spider:4 | Noticed Agnes
 41105 | Spider:4 | Killed Agnes
 41105 | Spider:4 | Reached XP level 19. HP: 181/231 MP: 23/23
 41352 | Spider:4 | Received a gift from Trog
 41436 | Spider:4 | Received a gift from Trog
 41685 | Spider:4 | Got a gossamer rune of Zot
 42176 | Vaults:1 | Entered Level 1 of the Vaults
 42183 | Vaults:1 | Noticed Saint Roka
 42610 | Vaults:1 | Killed Saint Roka
 43067 | Vaults:1 | Received a gift from Trog
 43500 | Vaults:1 | Found a shimmering altar of Xom.
 43559 | Vaults:1 | Received a gift from Trog
 43902 | Vaults:1 | Received a gift from Trog
 44527 | Vaults:1 | Received a gift from Trog
 44612 | Vaults:1 | Reached XP level 20. HP: 244/244 MP: 26/26
 44616 | Vaults:1 | Noticed Donald
 44632 | Vaults:1 | Killed Donald
 45012 | Vaults:2 | Received a gift from Trog
 45149 | Vaults:2 | Received a gift from Trog
 45620 | Vaults:2 | Found Upnecw's Assorted Antiques.
 45727 | Vaults:2 | Received a gift from Trog
 45740 | Vaults:2 | Shot with a bolt by a yaktaur

Vault maps used:
D:1:      lemuel_arrival_river_bridge
D:2:      grunt_temple_overflow_cloverleaf, first_bread,
          grunt_ashenzari_visionary
D:3:      minmay_goblin_kobold_castle, nicolae_ru_awakened_eye, uniq_iyjb
D:4:      serial_shops, kennysheep_mini, shop, fedhas_bush_and_centaur_altar
D:5:      temple_statues, minmay_misc_feat_enclosed
D:6:      okawaru_metal_pillars_1_2, uniq_edmund
D:7:      grunt_temple_overflow_holy_war, nicolae_overflow_hidden_temple
D:8:      lemuel_coloured_pillars_altar
D:9:      orc_0_dummy
D:10:     serial_shops, nicolae_shop_trees, grunt_tengu_nest,
          nicolae_dithmenos_shadow_blocks
D:11:     david_lair_generic, portal_ice_cave_entry_pillars_01, minivault_29,
          uniq_erolcha, uniq_fannar
D:13:     grunt_vaults_entry_tiered, lab_entry_generic, uniq_sonja
D:14:     dk_noncrumbling_3
D:15:     grunt_enter_depths_magical_seal, minmay_misc_feat_more_columns,
          minmay_misc_feat_plants
Lair:2:   grunt_megastairs_2
Lair:3:   beast_lair_carwin_8, grunt_megastairs_1, lemuel_fruit_fields
Lair:4:   swamp_mist
Lair:5:   beast_lair_carwin_large_3, grunt_forest_stairs_clearing,
          serial_bayou_shore_b, serial_bayou_shore_b, uniq_rupert, uniq_kirke
Lair:6:   nicolae_spider_entry_non_spiders, serial_bayou_shore_a
Lair:7:   serial_bayou_pond_b
Lair:8:   evil_forest, slime_dummy, ldierk_geyser, grunt_megastairs_5, uniq_maud
Swamp:1:  evilmike_swamp_ruin_house_2
Swamp:2:  infiniplex_staircase_pool
Swamp:3:  evilmike_swamp_ruin_house_3, uniq_aizul, uniq_louise
Swamp:4:  swamp_alternative
Spider:3: spiders_nest_spider_trap
Spider:4: grunt_spider_rune_circles, uniq_agnes, uniq_mara
Orc:1:    serial_shops, shop_fountains, nicolae_orc_rockfall, bloody_trog
Orc:2:    grunt_orc_tribal_feast
Vaults:1: nicolae_vaults_little_squares_5, hangedman_vaults_slither,
          ontoclasm_vaults_bender, nicolae_vaults_what_the_h, vaults_room_boxed,
          hangedman_vaults_capsules, hangedman_vaults_trim,
          nicolae_vaults_mini_display_case, basic_altar, uniq_saint_roka,
          uniq_donald
Vaults:2: nicolae_vaults_little_squares_5, grunt_vaults_hallway_long, v_misc_29,
          nicolae_vaults_hallways_thing, vaults_mumra_hex, vaults_mumra_chevron,
          v_misc_33, vaults_room_grid, serial_shops, shop
IceCv:    ice_cave_small_dragons

Skill      XL: |  1  2  3  4  5  6  7  8  9 10 11 12 13 14 15 16 17 18 19 |
---------------+----------------------------------------------------------+-----
Maces & Flails | 5 6 7 8 10 11 13 14 15 17 18 19 20 21 22 23 24 | 24.0
Throwing       | 2 5 6 7 8 10 | 10.0
Fighting       | 5 8 11 13 15 17 18 19 20 22 23 24 | 24.5
Dodging        | 3 5 6 |  6.0
Armour         | 3 5 7 9 10 11 12 | 12.5
Evocations     | 3 5 6 9 |  9.6

Action                   |  1- 3 |  4- 6 |  7- 9 | 10-12 | 13-15 | 16-18 | 19-21 || total
-------------------------+-------+-------+-------+-------+-------+-------+-------++-------
Melee: Mace              |    22 |       |       |       |       |       |       ||    22
       Flail             |    66 |   245 |   194 |       |       |       |       ||   505
       Dire flail        |       |       |   270 |       |       |       |       ||   270
       Giant club        |       |       |     1 |   551 |   238 |       |       ||   790
       Great mace        |       |       |       |    10 |       |       |       ||    10
       Giant spiked club |       |       |       |       |   863 |  1046 |   475 ||  2384
Throw: Tomahawk          |       |       |    71 |   138 |    91 |     1 |       ||   301
       Large rock        |       |       |       |       |   106 |   232 |   120 ||   458
       Javelin           |       |       |       |       |     3 |       |    47 ||    50
Invok: Berserk           |     1 |     4 |     4 |    10 |     6 |     8 |     4 ||    37
       Trog's Hand       |       |     1 |       |     1 |     2 |       |       ||     4
       Brothers in Arms  |       |       |       |     3 |     4 |     2 |     2 ||    11
Evoke: Wand              |       |       |     4 |     2 |       |       |       ||     6
  Use: Scroll            |       |       |    14 |     4 |    21 |     4 |       ||    43
       Potion            |       |       |    10 |       |     1 |     3 |       ||    14
 Stab: Sleeping          |     1 |       |       |     1 |       |       |       ||     2
       Distracted        |       |       |       |       |     2 |     1 |       ||     3
  Eat: Chunk             |     2 |     8 |    13 |    13 |    46 |    19 |    13 ||   114
       Meat ration       |       |     1 |     1 |       |       |     2 |     1 ||     5
       Fruit             |       |       |     1 |     1 |       |       |       ||     2
       Bread ration      |       |       |     2 |     3 |       |     3 |       ||     8
       Beef jerky        |       |       |     1 |       |     1 |       |     1 ||     3
       Pizza             |       |       |       |     1 |       |     2 |       ||     3
